 Dungeon Crawl Stone Soup version 0.27-a0-1431-gcffa5a9b16 (webtiles) character file.

Game seed: 1091267798810067101

108104 dolemite99 the Warrior (level 16, 0/89 (104) HPs)
             Began as a Minotaur Fighter on July 2, 2021.
             Was a High Priest of Dithmenos.
             Slain by a merfolk impaler (11 damage)
             ... on level 1 of the Shoals on July 3, 2021.
             The game lasted 00:58:26 (47199 turns).

dolemite99 the Warrior (Minotaur Fighter)          Turns: 47199, Time: 00:58:27

HP:   0/89 (104)    AC: 19    Str: 20    XL:     16   Next: 1%
MP:   0/18          EV: 10    Int:  3    God:    Dithmenos [*****.]
Gold: 385           SH: 15    Dex: 14    Spells: 15/15 levels left

rFire    . . .     SeeInvis .   a - +3 morningstar
rCold    + . .     Faith    .   Q - +1 kite shield
rNeg     + . .     Spirit   +   K - +3 chain mail {Will+}
rPois    +         Reflect  .   N - +2 hat
rElec    .         Harm     .   A - scarf {repulsion}
rCorr    .         Rampage  .   M - +2 pair of gloves {Stlth+}
Will     +++..                  (no boots)
Stlth    ..........             z - amulet "Femmuil" {Spirit rC+ rN+ Int+2}
HPRegen  0.24/turn              d - ring of Kithremup {Will+ AC+4, =R}
MPRegen  0.16/turn              i - ring of poison resistance

@: unable to read, flying, wreathed by umbra, heavily drained, repel missiles
A: horns 2, retaliatory headbutt, [deformed body], [dopey 2], [frail 3], [low mp
2], [weak 2], [inability to read while threatened]
a: Renounce Religion, Shadow Step, Shadow Form


You were on level 1 of the Shoals.
You worshipped Dithmenos.
Dithmenos was extremely pleased with you.
You visited 5 branches of the dungeon, and saw 25 of its levels.
You visited the Abyss 1 time.

You collected 3986 gold pieces.
You spent 3601 gold pieces at shops.

Inventory:

Hand Weapons
 a - a +3 morningstar (weapon)
 b - a +2 war axe of freezing
Missiles
 f - 671 stones
 h - 206 sling bullets
 m - 33 poisoned darts (quivered)
 C - a curare-tipped dart
 L - 2 throwing nets
 X - 5 silver boomerangs
Armour
 s - a +2 pair of gloves
 A - a scarf of repulsion (worn)
 K - a +3 chain mail of willpower (worn)
 M - a +2 pair of gloves of stealth (worn)
 N - a +2 hat (worn)
 Q - a +1 kite shield (worn)
Magical Staves
 T - a staff of cold
Jewellery
 c - a ring of protection from fire
 d - the ring of Kithremup (left hand) {Will+ AC+4, =R}
   (You bought it in a shop on level 5 of the Dungeon)

   [ring of protection]

   AC:        It affects your AC (+4).
   Will:      It increases your willpower.
 i - a ring of poison resistance (right hand)
 k - a +4 ring of evasion
 z - the amulet "Femmuil" (around neck) {Spirit rC+ rN+ Int+2}
   (You acquired it on level 9 of the Dungeon)

   [amulet of guardian spirit]

   It causes incoming damage to be divided between your reserves of health and
   magic.
   Int:       It affects your intelligence (+2).
   rC:        It protects you from cold.
   rN:        It protects you from negative energy.
 S - a +6 ring of strength
 V - a ring of ice
Wands
 r - a wand of mindburst (23)
 v - a wand of digging (6)
 w - a wand of iceblast (17)
 H - a wand of acid (3)
 I - a wand of polymorph (4)
 O - a wand of charming (5)
 Y - a wand of flame (65)
Scrolls
 g - 3 scrolls of fear
 j - 3 scrolls of magic mapping
 q - 3 scrolls of fog
 t - a scroll of noise
 y - 4 scrolls of identify {@r1}
 B - 2 scrolls of blinking
 G - a scroll of holy word
 R - a scroll of silence
 Z - 5 scrolls of teleportation
Potions
 e - 3 potions of curing
 l - 2 potions of cancellation
 p - a potion of ambrosia
 u - 6 potions of brilliance
 x - 2 potions of flight
 D - 3 potions of haste
 E - 2 potions of might
 F - a potion of resistance
 P - 2 potions of attraction
Miscellaneous
 o - a lightning rod (2/4)


   Skills:
 - Level 15.2 Fighting
 - Level 10.3(13.5) Axes
 - Level 14.3(15.4) Maces & Flails
 - Level 4.3 Throwing
 - Level 7.6 Armour
 - Level 6.7 Dodging
 - Level 14.5 Shields
 - Level 10.7 Invocations
 + Level 10.3 Evocations


You had 15 spell levels left.
You didn't know any spells.
Your spell library contained the following spells:

 Spells                   Type           Power      Damage    Failure   Level
 Animate Skeleton         Necr           0%         N/A       99%         1
 Apportation              Tloc           0%         N/A       99%         1
 Beastly Appendage        Tmut           0%         N/A       99%         1
 Corona                   Hex            0%         N/A       99%         1
 Foxfire                  Conj/Fire      0%         2x1d4     99%         1
 Magic Dart               Conj           0%         1d3       99%         1
 Pain                     Necr           0%         1d4       99%         1
 Shock                    Conj/Air       0%         1d3       99%         1
 Sting                    Tmut/Pois      0%         1d3       99%         1
 Summon Small Mammal      Summ           0%         N/A       99%         1
 Call Imp                 Summ           0%         N/A       100%        2
 Ensorcelled Hibernation  Hex/Ice        0%         N/A       100%        2
 Poisonous Vapours        Pois/Air       0%         N/A       100%        2
 Slow                     Hex            0%         N/A       100%        2
 Call Canine Familiar     Summ           0%         N/A       100%        3
 Confusing Touch          Hex            0%         N/A       100%        3
 Inner Flame              Hex/Fire       0%         N/A       100%        3
 Mephitic Cloud           Conj/Pois/Air  0%         N/A       100%        3
 Portal Projectile        Hex/Tloc       0%         N/A       100%        3
 Spider Form              Tmut/Pois      0%         N/A       100%        3
 Stone Arrow              Conj/Erth      0%         3d7       100%        3
 Summon Guardian Golem    Hex/Summ       0%         N/A       100%        3
 Swiftness                Air            0%         N/A       100%        3
 Tukima's Dance           Hex            0%         N/A       100%        3
 Vampiric Draining        Necr           0%         2d6       100%        3
 Airstrike                Air            0%         N/A       100%        4
 Animate Armour           Summ/Erth      0%         N/A       100%        4
 Animate Dead             Necr           0%         N/A       100%        4
 Cause Fear               Hex            0%         N/A       100%        4
 Leda's Liquefaction      Hex/Erth       0%         N/A       100%        4
 Olgreb's Toxic Radiance  Pois           0%         N/A       100%        4
 Alistair's Intoxication  Tmut/Pois      0%         N/A       100%        5
 Blade Hands              Tmut           0%         N/A       100%        5
 Bolt of Magma            Conj/Fire/Erth 0%         4d4       100%        5
 Borgnjor's Vile Clutch   Necr/Erth      0%         N/A       100%        5
 Excruciating Wounds      Necr           0%         N/A       100%        5
 Freezing Cloud           Conj/Ice/Air   0%         6-21      100%        5
 Conjure Ball Lightning   Conj/Air       0%         3x3d6     100%        6
 Death Channel            Necr           0%         N/A       100%        6
 Invisibility             Hex            0%         N/A       100%        6
 Iron Shot                Conj/Erth      0%         9d1       100%        6
 Shadow Creatures         Summ           N/A        N/A       100%        6
 Statue Form              Tmut/Erth      0%         N/A       100%        6
 Dragon Form              Tmut           0%         N/A       100%        7
 Discord                  Hex            0%         N/A       100%        8
 Disjunction              Tloc           0%         N/A       100%        8
 Lehudib's Crystal Spear  Conj/Erth      0%         10d2      100%        8
 Necromutation            Tmut/Necr      0%         N/A       100%        8


Dungeon Overview and Level Annotations

Branches:
Dungeon (15/15)            Temple (0/1) D:4            Lair (6/6) D:8
 Shoals (1/4) Lair:4        Snake (1/4) Lair:3        Slime (0/5) Lair:5
    Orc (2/2) D:11            Elf (0/3) Orc:2        Vaults (0/5) D:13
 Depths (0/5) D:15

Altars:
Ashenzari
Dithmenos
Fedhas
Hepliaklqana
Makhleb
Nemelex Xobeh
Sif Muna
Vehumet
Wu Jian
Xom
Beogh
Jiyva

Shops:
D:2 !   D:3 [   D:5 =   D:15 (   Orc:1 ?   Orc:2 :*?!*

Annotations:
D:6 2 exclusions
D:11 exclusion: orange crystal statue
D:13 1 runed translucent door
Lair:5 exclusion: oklob plant
Snake:1 Nikola


Innate Abilities, Weirdness & Mutations

You have a pair of horns on your head.
You reflexively headbutt those who attack you in melee.
[Armour fits poorly on your strangely shaped body.]
[You are very dopey. (Int -4)]
[You are extremely frail. (-30% HP)]
[Your magical capacity is very low. (-20% MP)]
[You are very weak. (Str -4)]
[You sometimes lose the ability to read scrolls when taking damage.]


Message History

The merfolk impaler hits you from afar with a +0 trident of distortion!!
* * * LOW HITPOINT WARNING * * *
Okay, then.
You feel better. You block the flying skull's attack.
You block the merfolk impaler's attack. x2
The flying skull hits you but does no damage.
You feel better. The flying skull closely misses you.
You block the merfolk impaler's attack.
The manticore flicks its tail.
You block the volley of spikes. The merfolk impaler barely misses you.
Okay, then.
Aiming: Corrosive Bolt
Press: ? - help, Shift-Dir - straight line, f/p - merfolk impaler
Aim: a merfolk impaler, wielding a +0 trident of distortion and wearing a +0 robe (heavily wounded, covered in acid, umbra, 51% to hit)
The bolt of acid hits the merfolk impaler!!
The merfolk impaler is splashed with acid!
The merfolk impaler seems to be corroded for longer.
The merfolk impaler is almost dead.
You block the flying skull's attack.
The merfolk impaler hits you from afar with a +0 trident of distortion!
* * * LOW HITPOINT WARNING * * *
You blink.
Splash!
You fall into the shallow water.
Moving in this stuff is going to be slow.
Found a scroll of identify.
Aiming: Corrosive Bolt
Press: ? - help, Shift-Dir - straight line, p - merfolk impaler The bolt of acid hits the flying skull!
The flying skull is splashed with acid.
The flying skull is almost destroyed.
You cannot read scrolls in your current state!
Unknown command.
Okay, then.
You feel very buoyant.
You fly up into the air.
You block the merfolk impaler's attack. You block the manticore's attack.
The manticore claws you but does no damage.
The manticore barely misses you.
The merfolk impaler hits you from afar with a +0 trident of distortion!
You die...

≈≈≈≈≈≈≈≈≈≈≈≈,,,,,≈≈,,≈≈≈≈≈≈≈≈≈≈≈≈
≈≈≈≈≈≈≈≈≈≈,,,........≈≈≈≈≈≈≈≈≈≈≈≈
≈≈≈≈≈≈≈≈≈.,,##.....#.≈≈≈≈≈≈≈≈≈≈≈≈
≈≈≈≈≈≈≈≈≈≈.##........≈≈≈≈≈≈≈≈≈≈≈≈
≈≈≈≈≈≈≈≈≈....>...≈...≈..,≈≈≈≈≈≈≈≈
≈≈≈≈≈≈≈≈.........≈≈.≈...,≈≈≈≈≈≈≈≈
≈≈≈≈≈≈≈≈.......≈..≈≈≈≈..,,≈≈≈≈≈≈≈
≈≈≈...≈≈....##.z.≈≈≈≈≈..,,,≈≈≈≈≈≈
≈,....≈≈...##.≈H@≈≈≈....**,,≈≈≈≈≈
≈,**#.≈≈......≈H≈≈≈....#**,,,≈≈≈≈
,,* #......§..m..≈≈≈=..#**,,,,≈≈≈
≈.###..≈.........≈≈≈....,,,,,,,,,
≈........##.....≈≈≈.....,,,≈,,,*,
≈≈≈≈........≈..≈≈≈....?.*,,,,****
≈≈≈≈≈..≈≈..≈≈≈.≈≈≈.....#,,,,,* *
≈≈≈≈≈≈.≈....≈≈≈≈......##,,,,**
≈≈≈≈≈≈.....≈≈≈≈≈...≈.#**,,,**


You could see a merfolk impaler (corroded), 2 manticores and a flying skull.

Vanquished Creatures
  An orc warlord (Orc:1)
  A stone giant (Orc:2)
  A fire dragon (Lair:6)
  Harold (D:7)
  3 vault guards (D:13)
  Erolcha (D:9)
  A merfolk avatar (Shoals:1)
  2 ogre magi (Orc:2)
  10 hydras
  2 boulder beetles
  3 tengu warriors
  14 two-headed ogres
  A dancing weapon (D:10)
  2 anacondas
  3 centaur warriors
  4 death yaks (Lair:6)
  2 hell knights (D:13)
  An orc high priest (D:11)
  A skeletal warrior (D:15)
  A flayed ghost (D:15)
  2 deep trolls
  A swamp dragon (Lair:6)
  A lindwurm (Orc:2)
  A wizard (D:15)
  Pikel (D:6)
  2 necromancers
  5 orc knights
  2 deep elf pyromancers
  The ghost of dinky3 the Covert, a novice SpDe of Cheibriados (D:10)
  5 cyclopes
  5 ugly things
  2 merfolk sirens (Lair:4)
  2 manticores
  22 elephants
  5 black mambas
  2 torpor snails
  7 cane toads
  Joseph (D:8)
  A spriggan zombie (D:15)
  2 unseen horrors (D:10)
  Maggie (D:6)
  A gargoyle (D:12)
  10 rime drakes
  3 kobold demonologists
  4 efreet
  7 komodo dragons
  An ancient zyme (Abyss:2)
  A guardian mummy (D:15)
  2 tengu conjurers (D:15)
  2 merfolk (Lair:4)
  7 meliai
  10 polar bears
  2 raiju (Lair:6)
  16 trolls
  5 blink frogs
  A hornet (D:9)
  14 dream sheep
  2 deep troll skeletons (D:15)
  A centaur simulacrum (D:12)
  A shadow (Abyss:2)
  6 wyverns
  A wraith (D:9)
  A vampire (D:12)
  An ice dragon skeleton (D:15)
  32 yaks
  11 basilisks
  8 humans (D:13)
  11 vampire mosquitoes
  9 wargs
  18 hell hounds
  3 nagas (Lair:3)
  10 water moccasins
  7 acid dragons
  12 black bears
  35 orc warriors
  2 ice beasts (D:8)
  19 ogres
  A small abomination (Abyss:2)
  36 wolves
  16 centaurs
  The ghost of atabob the Conjurer, an amateur DrCj (D:3)
  2 lemures (D:6)
  10 bullfrogs
  10 kobold brigands
  2 scorpions
  A wyvern skeleton (D:5)
  A water moccasin skeleton (D:5)
  5 killer bees (D:9)
  14 wights
  2 electric eels (Lair:1)
  3 howler monkeys
  2 bullfrog zombies (D:5)
  4 centaur zombies
  A gnoll shaman (D:7)
  18 orc priests
  3 hounds
  A jelly (D:4)
  3 centaur skeletons
  A scorpion zombie (D:5)
  Jessica (D:3)
  14 hell rats
  5 iguanas
  23 orc wizards
  A hound skeleton (D:5)
  A scorpion simulacrum (D:3)
  5 gnolls
  A howler monkey skeleton (D:5)
  6 adders
  6 river rats (Lair:2)
  A white imp (D:7)
  An ufetubus (D:5)
  A worm (D:2)
  2 adder simulacra (D:3)
  2 dart slugs (D:4)
  83 orcs
  7 ball pythons
  11 endoplasms
  A giant cockroach (D:3)
  6 goblins
  7 hobgoblins
  3 jackals (D:1)
  15 kobolds
  7 quokkas
  4 bats
  2 frilled lizards (D:2)
  2 quokka simulacra (D:3)
  5 rats
762 creatures vanquished.

Vanquished Creatures (collateral kills)
  An orc (Orc:1)
1 creature vanquished.

Vanquished Creatures (others)
  A rust devil (D:13)
  A human (D:13)
  A hell hound (D:13)
  An orc warrior (Orc:2)
  An ogre (Orc:1)
  A bush (Lair:6)
  32 fungi
  107 plants
  5 toadstools (D:1)
150 creatures vanquished.

Grand Total: 913 creatures vanquished

Notes
Turn   | Place    | Note
-------+----------+-------------------------------------------
     0 | D:1      | dolemite99 the Minotaur Fighter began the quest for the
                  | Orb.
     0 | D:1      | Reached XP level 1. HP: 19/19 MP: 0/0
   615 | D:1      | Reached XP level 2. HP: 26/26 MP: 1/1
  1518 | D:2      | Reached XP level 3. HP: 18/31 MP: 2/2
  1764 | D:2      | Found a shadowy altar of Dithmenos.
  1782 | D:2      | Became a worshipper of Dithmenos the Shadowed
  2011 | D:2      | Found Tetyf's Distillery.
  2021 | D:2      | Bought a potion of might for 48 gold pieces
  2021 | D:2      | Bought a potion of curing for 36 gold pieces
  2021 | D:2      | Bought a potion of lignification for 36 gold pieces
  2098 | D:2      | Reached skill level 5 in Maces & Flails
  2587 | D:3      | Reached XP level 4. HP: 39/39 MP: 3/3
  2625 | D:3      | Found a faded altar of an unknown god.
  2777 | D:3      | Found Vaeti's Armour Shop.
  2791 | D:3      | Bought a +0 cloak for 63 gold pieces
  2825 | D:3      | Found a runed translucent gate.
  2831 | D:3      | Noticed Jessica
  2838 | D:3      | Killed Jessica
  2845 | D:3      | Reached * piety under Dithmenos
  2853 | D:3      | Found a runed translucent gate.
  2853 | D:3      | Found a runed translucent gate.
  3307 | D:3      | Noticed atabob's ghost (amateur DrCj)
  3535 | D:4      | Reached XP level 5. HP: 43/45 MP: 4/4
  3715 | D:4      | Noticed an ogre
  3731 | D:4      | Killed an ogre
  3759 | D:4      | Reached XP level 6. HP: 50/51 MP: 5/5
  3786 | D:4      | Identified a scroll of acquirement
  3786 | D:4      | Acquired 832 gold pieces
  3877 | D:2      | Bought 3 potions of heal wounds for 180 gold pieces
  3877 | D:2      | Bought a potion of haste for 120 gold pieces
  3877 | D:2      | Bought 2 potions of lignification for 72 gold pieces
  3947 | D:4      | Noticed an acid dragon
  3957 | D:4      | Killed an acid dragon
  4411 | D:4      | Reached XP level 7. HP: 34/57 MP: 6/6
  5232 | D:4      | Reached skill level 4 in Fighting
  5435 | D:4      | Found a staircase to the Ecumenical Temple.
  5475 | D:5      | Entered Level 5 of the Dungeon
  5562 | D:5      | Found Viocats's Jewellery Shop.
  5740 | D:5      | Reached skill level 5 in Fighting
  5740 | D:5      | Reached skill level 5 in Armour
  5746 | D:5      | Bought the ring of Kithremup {Will+ AC+4} for 583 gold
                  | pieces
  6131 | D:5      | Reached XP level 8. HP: 46/69 MP: 7/7
  6528 | D:5      | Found a shimmering blue altar of Sif Muna.
  6934 | D:6      | Noticed Pikel
  6960 | D:6      | Killed Pikel
  6961 | D:6      | Reached skill level 7 in Fighting
  7814 | D:6      | Noticed Maggie
  7860 | D:6      | Killed Maggie
  7861 | D:6      | Reached skill level 10 in Maces & Flails
  7861 | D:6      | Reached XP level 9. HP: 79/79 MP: 8/8
  8385 | D:6      | Reached skill level 1 in Throwing
  8601 | D:6      | Noticed a kobold demonologist
  8634 | D:6      | Reached ** piety under Dithmenos
  8691 | D:6      | Noticed a soul eater
  8694 | D:6      | Noticed a sun demon
  8695 | D:6      | Killed a kobold demonologist
  9700 | D:7      | Found an ornate altar of the Wu Jian Council.
  9720 | D:7      | Reached skill level 5 in Shields
  9808 | D:7      | Found a shimmering altar of Xom.
  9822 | D:7      | Noticed Harold
 10161 | D:8      | Noticed an elephant
 10208 | D:7      | Killed Harold
 10896 | D:8      | Reached XP level 10. HP: 61/86 MP: 9/9
 11086 | D:8      | Found a staircase to the Lair.
 11345 | D:8      | Reached *** piety under Dithmenos
 11753 | D:8      | Killed an elephant
 11817 | D:8      | Noticed Joseph
 11846 | D:8      | Killed Joseph
 12295 | Lair:1   | Entered Level 1 of the Lair of Beasts
 13096 | Lair:1   | Reached skill level 1 in Invocations
 13219 | Lair:1   | Noticed a black mamba
 13243 | Lair:1   | Killed a black mamba
 13586 | Lair:1   | Noticed a six-headed hydra
 13593 | Lair:1   | Killed a six-headed hydra
 13594 | Lair:1   | Reached XP level 11. HP: 60/92 MP: 11/13
 13827 | Lair:1   | Reached skill level 1 in Evocations
 14392 | Lair:2   | Noticed a five-headed hydra
 14421 | Lair:1   | Killed a five-headed hydra
 15004 | Lair:2   | Reached skill level 5 in Evocations
 15298 | Lair:2   | Reached skill level 1 in Dodging
 15867 | Lair:2   | Reached skill level 5 in Dodging
 16815 | Lair:3   | Reached **** piety under Dithmenos
 16940 | Lair:3   | Reached skill level 1 in Axes
 17238 | Lair:3   | Found a gate leading to a gauntlet.
 17388 | Lair:3   | Reached skill level 5 in Axes
 17388 | Lair:3   | Reached XP level 12. HP: 71/100 MP: 14/14
 18036 | Lair:3   | Found a staircase to the Snake Pit.
 19181 | Lair:4   | Noticed a six-headed hydra
 19191 | Lair:4   | Killed a six-headed hydra
 19192 | Lair:4   | Reached skill level 10 in Axes
 19887 | Lair:4   | Reached skill level 8 in Fighting
 20373 | D:5      | Bought a +4 ring of evasion for 432 gold pieces
 20514 | Lair:4   | Got the Disquisition on Mutagenic Ignition
 20543 | Lair:4   | Found a staircase to the Shoals.
 20582 | Lair:4   | Reached skill level 9 in Fighting
 22399 | Lair:5   | Found a viscous altar of Jiyva.
 22399 | Lair:5   | Found a staircase to the Slime Pits.
 22488 | Lair:5   | Reached skill level 5 in Invocations
 22488 | Lair:5   | Reached XP level 13. HP: 109/113 MP: 15/15
 22628 | Lair:4   | Reached ***** piety under Dithmenos
 23095 | Lair:6   | Entered Level 6 of the Lair of Beasts
 23412 | Lair:6   | Reached skill level 10 in Fighting
 23647 | Lair:6   | Reached skill level 11 in Fighting
 23704 | Lair:6   | Reached skill level 12 in Fighting
 24441 | Lair:6   | Reached skill level 13 in Fighting
 25311 | Lair:6   | Reached skill level 14 in Fighting
 26363 | Lair:6   | Reached skill level 15 in Fighting
 26379 | Lair:6   | Reached XP level 14. HP: 128/135 MP: 17/17
 26809 | Lair:6   | Reached skill level 10 in Shields
 28288 | D:5      | Bought an amulet of reflection for 360 gold pieces
 28363 | D:9      | Found a sparkling altar of Nemelex Xobeh.
 28363 | D:9      | Found a radiant altar of Vehumet.
 28577 | D:9      | Acquired the amulet "Femmuil" {Spirit rC+ rN+ Int+2}
 28948 | D:9      | Noticed Erolcha
 28959 | D:9      | Killed Erolcha
 28968 | D:9      | Identified the +2 ring mail of the Shore {rF+ Will+ Regen+
                  | Str+4}
 29296 | D:9      | Found a blossoming altar of Fedhas.
 29423 | D:9      | Found a burning altar of Makhleb.
 29726 | D:10     | Entered Level 10 of the Dungeon
 30058 | D:10     | Found a runed translucent door.
 30059 | D:10     | Found a shimmering altar of Xom.
 30059 | D:10     | Noticed dinky3's ghost (novice SpDe)
 30442 | D:10     | Found a hazy altar of Hepliaklqana.
 30702 | D:10     | Found a broken altar of Ashenzari.
 30836 | D:11     | Found a staircase to the Orcish Mines.
 33878 | Orc:1    | Entered Level 1 of the Orcish Mines
 34406 | Orc:1    | Noticed an orc warlord
 34788 | Orc:1    | Found Fafaunlu's Magic Scroll Boutique.
 35184 | Orc:1    | Killed an orc warlord
 35205 | Orc:1    | Bought a scroll of silence for 105 gold pieces
 35205 | Orc:1    | Bought a scroll of holy word for 105 gold pieces
 35590 | Orc:2    | Entered Level 2 of the Orcish Mines
 36761 | Orc:1    | Reached XP level 15. HP: 92/141 MP: 14/19
 38569 | Orc:2    | Reached ****** piety under Dithmenos
 38596 | Orc:2    | Found a staircase to the Elven Halls.
 38831 | Orc:2    | Found Xeluuj's Book Boutique.
 38859 | Orc:2    | Found Vyeskism's Assorted Antiques.
 38882 | Orc:2    | Reached skill level 10 in Invocations
 38895 | Orc:2    | Found Etusiq's Magic Scroll Shop.
 39463 | Orc:2    | Found Jemuxea's Distillery.
 39464 | Orc:2    | Found Anavidghast's General Store.
 39716 | Orc:2    | Bought a scroll of fog for 28 gold pieces
 39716 | Orc:2    | Bought a scroll of enchant weapon for 105 gold pieces
 39716 | Orc:2    | Bought a scroll of enchant weapon for 105 gold pieces
 39724 | Orc:2    | Bought a potion of invisibility for 128 gold pieces
 39724 | Orc:2    | Bought a potion of haste for 160 gold pieces
 39724 | Orc:2    | Bought a potion of haste for 160 gold pieces
 39724 | Orc:2    | Bought a potion of might for 64 gold pieces
 39724 | Orc:2    | Bought a potion of heal wounds for 80 gold pieces
 39724 | Orc:2    | Bought 2 potions of curing for 96 gold pieces
 39731 | Orc:2    | Bought a wand of acid (8) for 336 gold pieces
 39941 | D:3      | Killed atabob's ghost
 40131 | D:10     | Killed dinky3's ghost
 41353 | D:13     | Found a runed translucent door.
 42062 | D:13     | Found a gate to the Vaults.
 42065 | D:13     | Identified the +6 great sword of Excruciating Pain {vorpal,
                  | rCorr Stlth+}
 44092 | D:15     | Entered Level 15 of the Dungeon
 44481 | D:15     | Found a staircase to the Depths.
 45927 | D:15     | Found Gibladei's Antique Weapon Shoppe.
 45981 | D:15     | Reached skill level 10 in Evocations
 46270 | Orc:2    | Bought a scroll of fear for 94 gold pieces
 46276 | Orc:2    | Bought a scroll of enchant armour for 105 gold pieces
 46609 | Snake:1  | Entered Level 1 of the Snake Pit
 46618 | Snake:1  | Noticed Nikola
 46698 | Shoals:1 | Entered Level 1 of the Shoals
 46767 | Shoals:1 | Reached XP level 16. HP: 142/143 MP: 23/23
 46876 | Shoals:1 | Cast into level 2 of the Abyss (merfolk impaler)
 47100 | Abyss:2  | Found a corrupted altar of Lugonu.
 47186 | Abyss:3  | Noticed a tentacled monstrosity
 47191 | Shoals:1 | Escaped the Abyss
 47199 | Shoals:1 | Slain by a merfolk impaler

Illustrated notes

Levels and vault maps discovered:
D:1:      dpeg_arrival_stonehenge_12_columns, layout_loops_corners,
          minmay_gold_behind_fungi
D:2:      layout_basic, serial_shops, shop, basic_altar, minmay_tetromino_l2
D:3:      layout_basic, gammafunk_ghost_icy, serial_forest,
          infiniplex_forest_straight_2, infiniplex_forest_straight_2,
          infiniplex_forest_clump_tiny, infiniplex_forest_lined_corner,
          infiniplex_forest_lined_ring, infiniplex_forest_clump_medium,
          serial_shops, nicolae_diamond_shop, ebering_ecumenical_altar_webs,
          uniq_jessica
D:4:      layout_loops_ring, lemuel_temple_firewalk_b, kennysheep_nub,
          serial_bayou_ford_a
D:5:      layout_layer_cave, lemuel_blue_sif_altar,
          minmay_shop_enchanted_jewellery, glass_columns_a
D:6:      nicolae_whirlpool, layout_layer_cave, kennysheep_pointless_box,
          uniq_pikel, uniq_maggie
D:7:      layout_cave_pools, lemuel_crystal_altar, lemuel_crystal_altar,
          hangedman_glass_teeth, uniq_harold
D:8:      layout_cave_pools, david_lair_generic, sigmund_army, uniq_joseph
D:9:      minmay_imperfect_grid, layout_irregular_city, bloody_makhleb,
          fedhas_altar_3, chequers_temple_overflow_statue_of_worship,
          uniq_erolcha
D:10:     layout_irregular_city, lemuel_tele_altar,
          worldfamousw_hep_ancestral_shrine, ebering_ghost_xom
D:11:     layout_roguey, orc_0_dummy, disabler_island
D:12:     minmay_crescents, layout_layer_cave, special_room [special_room_orc]
D:13:     mludivico_vault, layout_basic, ximxim_vaults_locker_room
D:14:     layout_loops_corners, hex_tiny
D:15:     gammafunk_depths_entry_grave, layout_irregular_city,
          minmay_misc_feat_ornament, serial_shops, nicolae_diamond_shop
Lair:1:   layout_cave_pods, serial_bayou_lake_a, infiniplex_staircase_pool,
          lemuel_fruit_fields, serial_bayou_shore_a, grunt_megastairs_5
Lair:2:   layout_cave_pods, kennysheep_rathole
Lair:3:   layout_big_grid, guppyfry_snake_entry_garden, gauntlet_entry_generic,
          chequers_serial_rivers_room_b
Lair:4:   layout_cellular_growth, elwin_shoals_entry_stream,
          portal_ice_cave_rime
Lair:5:   layout_roguey, dpeg_slime_entry_enclosed_altar, st_stairs_5,
          grunt_megastairs_4, minmay_lair_oklob_chamber
Lair:6:   guppyfry_lair_end_dragon, layout_regular_city,
          hangedman_lair_caniforms_friends
Shoals:1: layout_shoals
Snake:1:  layout_rooms, uniq_rupert, uniq_louise, uniq_nikola
Orc:1:    layout_caves, serial_shops, shop, basic_altar
Orc:2:    st_orc_open, layout_caves, nicolae_volcano_entry_vermiform,
          serial_shops, nicolae_shop_window_shopping

Skill      XL: |  1  2  3  4  5  6  7  8  9 10 11 12 13 14 15 |
---------------+----------------------------------------------+-----
Maces & Flails | 3 4 5 6 7 9 10 13 14 | 14.3
Fighting       | 5 7 9 15 | 15.2
Armour         | 5 7 |  7.6
Throwing       | 4 |  4.3
Shields        | 8 9 14 | 14.5
Invocations    | 4 5 6 7 10 | 10.7
Evocations     | 5 6 10 | 10.3
Dodging        | 6 |  6.7
Axes           | 5 10 | 10.3

Action                   |  1- 3 |  4- 6 |  7- 9 | 10-12 | 13-15 | 16-18 || total
-------------------------+-------+-------+-------+-------+-------+-------++-------
Melee: Flail             |    36 |    50 |   224 |   362 |       |       ||   672
       Headbutt          |     3 |    11 |    30 |   153 |   430 |    12 ||   639
       War axe           |       |       |       |   187 |    14 |       ||   201
       Morningstar       |       |       |       |   118 |  1678 |    45 ||  1841
 Fire: Hunting sling     |    79 |    79 |   103 |       |       |       ||   261
Throw: Javelin           |     3 |       |       |    50 |     1 |       ||    54
       Dart              |       |       |    61 |    79 |   463 |       ||   603
       Stone             |       |       |       |    12 |    21 |       ||    33
       Throwing net      |       |       |       |       |     4 |       ||     4
Invok: Shadow Form       |       |       |       |       |     1 |     1 ||     2
Evoke: Wand              |       |       |       |     4 |    52 |     5 ||    61
       Lightning rod     |       |       |       |       |    12 |       ||    12
  Use: Scroll            |       |     7 |     6 |     9 |    17 |       ||    39
       Potion            |       |     4 |     6 |     9 |     5 |    13 ||    37
 Stab: Paralysed         |       |       |       |       |    10 |       ||    10
       Held in net/web   |       |       |       |       |     1 |       ||     1
       Invisible         |       |       |       |       |     5 |     2 ||     7
Armor: Scale mail        |    18 |       |       |       |       |       ||    18
       Plate armour      |     8 |    33 |   139 |       |       |       ||   180
       Skin              |       |       |    25 |    26 |       |       ||    51
       Chain mail        |       |       |    22 |   318 |   683 |    34 ||  1057
Dodge: Dodged            |    20 |    13 |    91 |   271 |   742 |    37 ||  1174
       Repelled          |       |       |       |       |     7 |     5 ||    12
Block: Kite shield       |    27 |    37 |    67 |   474 |  1347 |    80 ||  2032
       Buckler           |       |       |    41 |       |       |       ||    41

Table legend: (Time is in decaauts)
 A = Elapsed time spent in this place.
 B = Non-inter-level travel time spent in this place.
 C = Inter-level travel time spent in this place.
 D = Time resting spent in this place.
 E = Time spent auto-exploring this place.
 F = Levels seen in this place.
 G = Mean time per level.
                   A        B        C        D        E       F      G
               +--------+--------+--------+--------+--------+-----+--------+
         Total |  46909 |  43930 |   2979 |  17614 |  18328 |  27 | 1737.4 |
       Dungeon |  25815 |  24303 |   1512 |   8113 |  11930 |  15 | 1721.0 |
          Lair |  15820 |  14536 |   1284 |   6722 |   5405 |   6 | 2636.7 |
        Shoals |    182 |    182 |      0 |     66 |      1 |   1 |  182.0 |
     Snake Pit |     17 |     17 |      0 |      0 |      0 |   1 |   17.0 |
  Orcish Mines |   4787 |   4606 |    181 |   2680 |    991 |   2 | 2393.5 |
         Abyss |    287 |    287 |      0 |     33 |      0 |   2 |  143.5 |
               +--------+--------+--------+--------+--------+-----+--------+

Top non-repeatable levels by time:
  Lair:6: 4652 daAuts
   Orc:1: 3228 daAuts
  Lair:1: 2852 daAuts
     D:6: 2761 daAuts
  Lair:3: 2671 daAuts
  Lair:4: 2471 daAuts
    D:11: 2350 daAuts
    D:12: 2253 daAuts
    D:14: 2184 daAuts
     D:4: 1899 daAuts
  Lair:2: 1757 daAuts
     D:8: 1701 daAuts
    D:13: 1608 daAuts
    D:15: 1588 daAuts
   Orc:2: 1559 daAuts
